 Dungeon Crawl Stone Soup version 0.30-a0-728-gc68057be0a (webtiles) character file.

Game seed: 3811156226442841730

924 testman the Cudgeller (level 7, 0/74 HPs)
             Began as a Troll Fighter on Jan 30, 2023.
             Slain by an orc warrior
             ... wielding a +0 flail
              (5 damage)
             ... on level 5 of the Dungeon.
             The game lasted 00:10:45 (3799 turns).

testman the Cudgeller (Troll Fighter)               Turns: 3799, Time: 00:10:45

Health: 0/74       AC:  8    Str: 27    XL:     7   Next: 84%
Magic:  6/6        EV: 10    Int: 10    God:
Gold:   313        SH:  0    Dex:  9    Spells: 6/6 levels left

rFire   . . .      SeeInvis .    p - +0 giant spiked club
rCold   . . .      Faith    .    (shield currently unavailable)
rNeg    . . .      Spirit   .    e - +2 animal skin
rPois   +          Reflect  .    (helmet restricted)
rElec   .          Harm     .    y - +1 cloak
rCorr   .          Rampage  .    (gloves unavailable)
Will    .....                    (boots unavailable)
Stlth   +                        (no amulet)
HPRegen 1.12/turn                h - +6 ring of intelligence
MPRegen 0.10/turn                z - ring of poison resistance

@: mighty
A: large, unfitting armour, claws 3, regeneration 1, shaggy fur 1, tough skin 1
a: no special abilities


You were on level 5 of the Dungeon.
You visited 1 branch of the dungeon, and saw 5 of its levels.

You collected 313 gold pieces.

Inventory:

Hand Weapons
 l - a +1 whip of venom
 p - a +0 giant spiked club (weapon)
 B - the +2 sling "Tyichui" {heavy, rC+ Will++ Stlth-}
   (You took it off an orc on level 3 of the Dungeon)

   rC:        It protects you from cold.
   Will:      It greatly increases your willpower.
   Stlth:     It makes you less stealthy.
Missiles
 r - 26 poisoned darts (quivered)
Armour
 c - a +0 kite shield
 e - a +2 animal skin (worn)
 y - a +1 cloak (worn)
Jewellery
 h - a +6 ring of intelligence (left claw)
 z - a ring of poison resistance (right claw)
Wands
 k - a wand of paralysis (6)
Scrolls
 f - 11 scrolls of identify {unknown}
 g - 4 scrolls of teleportation {unknown}
 i - 4 scrolls of blinking {unknown}
 j - a scroll of amnesia {unknown}
 m - a scroll of silence {unknown}
 n - a scroll of brand weapon {unknown}
 o - a scroll of fear {unknown}
 s - a scroll of enchant weapon {unknown}
 t - a scroll of vulnerability {unknown}
 u - a scroll of immolation {unknown}
Potions
 a - a potion of heal wounds {unknown}
 b - a potion of curing {unknown}
 d - a potion of might
 q - 2 potions of ambrosia {unknown}
 v - a potion of mutation {unknown}
 w - a potion of degeneration {unknown}
 x - 2 potions of lignification {unknown}


   Skills:
 + Level 5.8 Fighting
 + Level 6.0 Maces & Flails
 - Level 2.4 Dodging
 - Level 3.0 Shields


You had 6 spell levels left.
You didn't know any spells.
Your spell library contained the following spells:

 Spells                   Type           Power      Damage    Failure   Level
 Ignite Poison            Fire/Tmut/Pois 0%         N/A       75%         3
 Kindle Blastsparks       Fire/Tloc/Air  0%         2d10      75%         3
 Freezing Cloud           Conj/Ice/Air   0%         6-21      100%        5


Dungeon Overview and Level Annotations

Branches:
Dungeon (5/15)
 Temple: D:4-7

Altars:
Makhleb

Shops:
D:1 *


Innate Abilities, Weirdness & Mutations

You are too large for most types of armour.
You have claws for hands.
Your natural rate of healing is unusually fast.
You are covered in fur. (AC +1)
You have tough skin. (AC +1)


Message History

The orc warrior hits you with a +0 flail!
The orc closely misses you.
You barely miss the orc warrior.
The orc warrior is severely wounded.
The orc hits you from afar with a +0 trident.
The orc warrior hits you with a +0 flail!
You barely miss the orc warrior.
The orc warrior is severely wounded.
The orc barely misses you.
The orc warrior hits you with a +0 flail!
The orc warrior barely misses you. The orc closely misses you.
You closely miss the orc warrior.
The orc warrior is severely wounded.
The orc hits you but does no damage.
The orc warrior hits you with a +0 flail!
Sorry, you're not good enough to have a special ability.
Unknown command.
You barely miss the orc warrior.
The orc warrior is severely wounded.
The orc hits you from afar with a +0 trident.
The orc warrior hits you with a +0 flail!
* * * LOW HITPOINT WARNING * * *
The orc warrior hits you with a +0 flail.
* * * LOW HITPOINT WARNING * * *
The orc barely misses you.
Aiming: Paralyse
Press: ? - help, Shift-Dir - straight line, f - orc warrior
Aim: an orc warrior, wielding a +0 flail and wearing a +0 chain mail (severely wounded, chance to affect: 49%)
The orc warrior resists with some effort.
The orc warrior hits you with a +0 flail!
* * * LOW HITPOINT WARNING * * *
The orc barely misses you.
The orc warrior attacks as you move away!
The orc warrior hits you but does no damage.
Okay, then.
Okay, then.
Okay, then.
You feel very mighty all of a sudden.
The orc warrior hits you with a +0 flail.
You die...

#
#####.####>#.#####
. #.## #.#.# #
#.#...##.#.# ..#
#.†....# ## ###
#...##.#.######..##
##[ #..............
.. #.#......$.....
## #..##..........
.....#.#@......:.
#.##...#o##......#
# #...o## #....#.
......s #..#.#
.#..... ..# .
##.... ...# #....
.. .)... ##....


You could see an orc warrior, a scorpion and an orc.

Vanquished Creatures
  The ghost of garrulousMonolith the Chopper, an amateur MiBe of Trog (D:3)
  A black bear (D:4)
  An ogre (D:5)
  A phantom (D:4)
  2 kobold brigands (D:4)
  A necrophage (D:4)
  A scorpion (D:4)
  2 orc priests
  An iguana (D:4)
  2 orc wizards
  Robin (D:2)
  8 adders
  A worm (D:3)
  4 dart slugs
  14 orcs
  3 bats
  6 endoplasms
  15 goblins
  10 hobgoblins
  7 jackals (D:1)
  13 kobolds
  3 quokkas
  7 ball pythons
  2 frilled lizards
  5 rats
112 creatures vanquished.

Notes
Turn   | Place    | Note
-------+----------+-------------------------------------------
     0 | D:1      | testman the Troll Fighter began the quest for the Orb.
     0 | D:1      | Reached XP level 1. HP: 22/22 MP: 0/0
   253 | D:1      | Reached skill level 2 in Maces & Flails
   258 | D:1      | Found Jyadghob's Assorted Antiques.
   287 | D:1      | You fall into a shaft and drop 1 floor!
   334 | D:2      | Reached XP level 2. HP: 28/29 MP: 1/1
   356 | D:2      | Noticed Robin
   380 | D:2      | Killed Robin
   381 | D:2      | Reached XP level 3. HP: 11/36 MP: 2/2
   541 | D:1      | Found a faded altar of an unknown god.
  1958 | D:2      | Reached XP level 4. HP: 37/45 MP: 3/3
  2030 | D:3      | Reached skill level 3 in Maces & Flails
  2108 | D:3      | Found a burning altar of Makhleb.
  2316 | D:3      | Reached XP level 5. HP: 54/54 MP: 4/4
  2366 | D:3      | Noticed garrulousMonolith's ghost (amateur MiBe)
  2367 | D:3      | Found a runed translucent gate.
  2367 | D:3      | Found a runed translucent gate.
  2367 | D:3      | Found a runed translucent gate.
  2367 | D:3      | Identified the +2 sling "Tyichui" {heavy, rC+ Will++
                  | Stlth-}
  2768 | D:3      | Killed garrulousMonolith's ghost
  2769 | D:3      | Reached skill level 4 in Maces & Flails
  2872 | D:4      | Reached XP level 6. HP: 57/63 MP: 5/5
  3066 | D:4      | Reached skill level 5 in Fighting
  3066 | D:4      | Reached skill level 5 in Maces & Flails
  3066 | D:4      | Reached XP level 7. HP: 48/72 MP: 6/6
  3290 | D:4      | Identified the +2 falchion "Tormentor" {heavy, rCorr}
  3700 | D:5      | Entered Level 5 of the Dungeon
  3771 | D:5      | Reached skill level 6 in Maces & Flails
  3797 | D:5      | HP: 3/74 [orc warrior/+0 flail (10)]
  3799 | D:5      | Slain by an orc warrior

Illustrated notes

Levels and vault maps discovered:
D:1:      lightli_arrival_farm, layout_basic, serial_shops,
          nicolae_shop_overgrown_old_shop, hellmonk_ecumenical_altar_run_dry,
          roderic_lattice_a
D:2:      layout_loops_ring, uniq_robin
D:3:      kennysheep_big_flooded_room, layout_basic, amcnicky_altar_gilded,
          biasface_ghost_orc_armoury, minmay_misc_feat_hallway
D:4:      cheibrodos_thug_alley, layout_basic, hangedman_decor_growths
D:5:      layout_loops_ring, lemuel_zombie_altar_yredelemnul,
          lemuel_temple_firewalk_b, serial_shops, shop,
          minmay_gold_behind_fungi, minmay_misc_feat_secret_circle, uniq_sigmund

Skill      XL: |  1  2  3  4  5  6  7 |
---------------+----------------------+-----
Maces & Flails | 2 3 4 5 6 |  6.0
Shields        | 3 |  3.0
Fighting       | 3 4 5 |  5.8
Dodging        | |  2.4

Action                     |  1- 3 |  4- 6 |  7- 9 || total
---------------------------+-------+-------+-------++-------
  Melee: Flail             |    72 |       |       ||    72
         Whip              |    65 |   194 |    84 ||   343
         Giant spiked club |       |       |    27 ||    27
  Evoke: Wand              |       |       |     1 ||     1
    Use: Potion            |     1 |       |     1 ||     2
   Stab: Sleeping          |     2 |       |       ||     2
 Armour: Robe              |    36 |       |       ||    36
         Animal skin       |    28 |    60 |    52 ||   140
  Dodge: Dodged            |    56 |    65 |    45 ||   166
  Block: Kite shield       |    59 |    61 |    27 ||   147

Table legend: (Time is in decaauts)
 A = Elapsed time spent in this place.
 B = Non-inter-level travel time spent in this place.
 C = Inter-level travel time spent in this place.
 D = Time resting spent in this place.
 E = Time spent auto-exploring this place.
 F = Levels seen in this place.
 G = Mean time per level.
                   A        B        C        D        E       F      G
               +--------+--------+--------+--------+--------+-----+--------+
         Total |   3856 |   3646 |    210 |      0 |   2763 |   5 |  771.2 |
       Dungeon |   3856 |   3646 |    210 |      0 |   2763 |   5 |  771.2 |
               +--------+--------+--------+--------+--------+-----+--------+

Top non-repeatable levels by time:
     D:1: 1188 daAuts
     D:2: 876 daAuts
     D:3: 863 daAuts
     D:4: 817 daAuts
     D:5: 110 daAuts
